 Dungeon Crawl Stone Soup version 0.30-a0-121-gb27577e5d9 (webtiles) character file.

Game seed: 8493710208764889539

275 Dreamer the Sneak (level 6, -2/57 HPs)
             Began as an Octopode Transmuter on Sept 14, 2022.
             Slain by an orc
             ... wielding a +0 flail
              (6 damage)
             ... on level 4 of the Dungeon.
             The game lasted 00:09:10 (4189 turns).

Dreamer the Sneak (Octopode Transmuter)             Turns: 4189, Time: 00:09:11

Health: -2/57      AC: 23    Str:  9    XL:     6   Next: 25%
Magic:  18/18      EV:  2    Int: 17    God:
Gold:   177        SH:  0    Dex: 13    Spells: 3/9 levels left

rFire   . . .      SeeInvis .    p - +1 hand axe (drain)
rCold   . . .      Faith    .    (no shield)
rNeg    . . .      Spirit   .    (helmet currently unavailable)
rPois   +          Reflect  .    n - amulet of magic regeneration
rElec   .          Harm     .    r - ring of magical power
rCorr   .          Rampage  .    (no ring)
Will    .....      NoTele   +    (no ring)
Stlth   +++.......               (no ring)
HPRegen 0.19/turn                (no ring)
MPRegen 0.56/turn                (no ring)
                                 (no ring)
                                 (no ring)

@: tree-form
A: stationary, stasis, torment immunity, boosted hp, almost no armour,
(amphibious), 8 rings, (camouflage 1), (gelatinous body 1), (nimble swimmer 1),
(tentacles)
a: no special abilities


You were on level 4 of the Dungeon.
You were a tree.
You visited 1 branch of the dungeon, and saw 4 of its levels.

You collected 177 gold pieces.

Inventory:

Hand Weapons
 p - a +1 hand axe of draining (weapon)
Missiles
 s - 6 curare-tipped darts
Jewellery
 n - an amulet of magic regeneration (around neck)
 r - a ring of magical power (left branch)
Wands
 d - a wand of digging (4)
 q - a wand of polymorph (14)
Scrolls
 c - 6 scrolls of identify {unknown}
 g - a scroll of vulnerability {unknown}
 h - 3 scrolls of blinking {unknown}
 j - 2 scrolls of butterflies {unknown}
 m - 4 scrolls of teleportation {unknown}
 o - 2 scrolls of noise {unknown}
Potions
 b - 2 potions of haste {unknown}
 e - a potion of might {unknown}
 f - a potion of degeneration {unknown}
 i - a potion of curing {unknown}
 k - a potion of heal wounds {unknown}
 l - a potion of mutation {unknown}


   Skills:
 - Level 1.0 Fighting
 + Level 3.4 Dodging
 + Level 5.6 Stealth
 - Level 4.1 Unarmed Combat
 * Level 2.2 Spellcasting
 * Level 2.3 Transmutations


You had 3 spell levels left.
You knew the following spells:

 Your Spells              Type           Power      Damage    Failure   Level
a - Beastly Appendage     Tmut           18%        N/A       8%          1
b - Apportation           Tloc           2%         N/A       19%         1
c - Ice Form              Ice/Tmut       5%         N/A       75%         4

Your spell library contained the following spells:

 Spells                   Type           Power      Damage    Failure   Level
 Wereblood                Tmut           9%         N/A       11%         2
 Necrotise                Necr           4%         1d4       19%         1
 Shock                    Conj/Air       4%         1d3       19%         1
 Summon Small Mammal      Summ           4%         N/A       19%         1
 Spider Form              Tmut/Pois      5%         N/A       34%         3
 Swiftness                Air            1%         N/A       50%         3
 Airstrike                Air            0%         2d(1-17)  88%         4


Dungeon Overview and Level Annotations

Branches:
Dungeon (4/15)
 Temple: D:4-7

Altars:
Okawaru

Shops:
D:1 (

Annotations:
D:3 exclusions: orc and orc priest


Innate Abilities, Weirdness & Mutations

You are a tree.
Your roots penetrate the ground, keeping you stationary.
You cannot be teleported.
You are immune to unholy pain and torment.
Your maximum health is greatly increased.
You cannot wear most types of armour.
((You are amphibious.))
You can wear up to eight rings at the same time.
((Your skin changes colour to match your surroundings (Stealth+).))
((Your rubbery body absorbs attacks. (AC +1, EV +1)))
((You are camouflaged when in or above water. (Stealth+)))
((You have tentacles for arms and can constrict up to eight enemies at once.))


Message History

Really quaff the potion of lignification?
Uppercase [Y]es or [N]o only, please.
Really quaff the potion of lignification?
Uppercase [Y]es or [N]o only, please.
Really quaff the potion of lignification?
Uppercase [Y]es or [N]o only, please.
Really quaff the potion of lignification?
Uppercase [Y]es or [N]o only, please.
Really quaff the potion of lignification?
Uppercase [Y]es or [N]o only, please.
Really quaff the potion of lignification?
Uppercase [Y]es or [N]o only, please.
Really quaff the potion of lignification?
Uppercase [Y]es or [N]o only, please.
Really quaff the potion of lignification?
Uppercase [Y]es or [N]o only, please.
Really quaff the potion of lignification?
Uppercase [Y]es or [N]o only, please.
Really quaff the potion of lignification?
Uppercase [Y]es or [N]o only, please.
Really quaff the potion of lignification?
Uppercase [Y]es or [N]o only, please.
Really quaff the potion of lignification?
Uppercase [Y]es or [N]o only, please.
Really quaff the potion of lignification?
You turn into a tree.
Your roots penetrate the ground.
The orc hits you with a +0 flail.
* * * LOW HITPOINT WARNING * * *
An orc is nearby!
An orc is nearby!
You barely miss the orc.
The orc is lightly wounded.
The orc hits you but does no damage.
You closely miss the orc.
The orc is lightly wounded.
The orc hits you but does no damage.
You hit the orc. You drain the orc.
The orc is severely wounded.
The orc hits you but does no damage. The orc hits you with a +0 flail.
You die...

# # ########### #
#.........# ###
#.........# ..#
#.......♣.#
#.#######......o..#
#.................#
##)........##.....#
..........###..#.##
######.....##..#.#
#.)#.........#
#.####......## ..
......


You could see an orc (very drained).

Vanquished Creatures
  3 hounds
  An orc priest (D:3)
  4 gnolls
  3 adders
  4 worms
  2 dart slugs
  2 orcs (D:3)
  5 ball pythons
  5 bats
  An endoplasm (D:1)
  5 giant cockroaches
  2 goblins (D:1)
  8 hobgoblins
  3 jackals (D:3)
  8 quokkas
  6 frilled lizards
  7 kobolds
  4 rats
73 creatures vanquished.

Notes
Turn   | Place    | Note
-------+----------+-------------------------------------------
     0 | D:1      | Dreamer the Octopode Transmuter began the quest for the
                  | Orb.
     0 | D:1      | Reached XP level 1. HP: 13/13 MP: 3/3
   110 | D:1      | Found Merus's Antique Weapon Boutique.
   140 | D:1      | Reached skill level 1 in Stealth
   641 | D:1      | Reached XP level 2. HP: 18/18 MP: 5/5
   880 | D:1      | Reached skill level 2 in Stealth
  1053 | D:1      | Found a faded altar of an unknown god.
  1080 | D:1      | Reached XP level 3. HP: 23/23 MP: 6/6
  1734 | D:1      | Reached skill level 3 in Stealth
  2156 | D:2      | Reached XP level 4. HP: 20/28 MP: 7/7
  2485 | D:2      | Learned a level 1 spell: Apportation
  2490 | D:2      | Learned a level 4 spell: Ice Form
  2663 | D:2      | Reached skill level 4 in Stealth
  3373 | D:3      | Reached XP level 5. HP: 28/33 MP: 8/8
  3425 | D:3      | Found an iron altar of Okawaru.
  3833 | D:3      | Reached skill level 5 in Stealth
  4162 | D:4      | Reached XP level 6. HP: 37/38 MP: 9/9
  4189 | D:4      | Slain by an orc

Illustrated notes

Levels and vault maps discovered:
D:1:      dpeg_arrival_solitude, layout_basic, serial_shops, shop_statue,
          ebering_ecumenical_altar_sacrificial, minmay_tiny_reverse_x
D:2:      layout_basic, skrybe_limestone_x
D:3:      layout_rooms, okawaru_ov_weapons_minmay, cheibrodos_gnoll_hut
D:4:      layout_rooms, marbit_many_paths

Skill      XL: |  1  2  3  4  5 |
---------------+----------------+-----
Stealth        | 1 2 3 4 5 |  5.6
Dodging        | 3 |  3.4
Unarmed Combat | 4 |  4.1
Fighting       | |  1.0
Spellcasting   | |  2.2
Transmutations | |  2.3

Action                   |  1- 3 |  4- 6 || total
-------------------------+-------+-------++-------
Melee: Unarmed           |    38 |       ||    38
       Tentacles         |    18 |    18 ||    36
       Constrict         |    20 |    19 ||    39
       Dagger            |    38 |    48 ||    86
       Punch             |     2 |     4 ||     6
       Kick              |       |     4 ||     4
       Hand axe          |       |    44 ||    44
 Cast: Beastly Appendage |       |     2 ||     2
  Use: Potion            |       |     1 ||     1
 Stab: Sleeping          |    14 |    14 ||    28
Armor: Skin              |     8 |     8 ||    16
Dodge: Dodged            |    36 |    49 ||    85

Table legend: (Time is in decaauts)
 A = Elapsed time spent in this place.
 B = Non-inter-level travel time spent in this place.
 C = Inter-level travel time spent in this place.
 D = Time resting spent in this place.
 E = Time spent auto-exploring this place.
 F = Levels seen in this place.
 G = Mean time per level.
                   A        B        C        D        E       F      G
               +--------+--------+--------+--------+--------+-----+--------+
         Total |   4204 |   4132 |     72 |   1072 |   2321 |   4 | 1051.0 |
       Dungeon |   4204 |   4132 |     72 |   1072 |   2321 |   4 | 1051.0 |
               +--------+--------+--------+--------+--------+-----+--------+

Top non-repeatable levels by time:
     D:1: 2094 daAuts
     D:2: 1042 daAuts
     D:3: 1003 daAuts
     D:4: 62 daAuts
